 Dungeon Sprint DCSS version 0.15-a0-1253-g15b4f57 (webtiles) character file.

331 MDvedh the Cleaver (level 6, -5/56 HPs)
             Began as a Minotaur Berserker on June 4, 2014.
             Was a Priest of Trog.
             Succumbed to Sonja's curare-tipped needle
             ... in the Dungeon (Sprint I: "Red Sonja").
             The game lasted 00:02:11 (597 turns).

MDvedh the Cleaver (Minotaur Berserker)              Turns: 597, Time: 00:02:11

HP  -5/56        AC  2     Str 24      XL: 6   Next: 26%
MP   3/3         EV 12     Int  4      God: Trog [***...]
Gold 123         SH  0     Dex  9      Spells:  0 memorised,  5 levels left

rFire  . . .     SeeInvis .     a - +0 hand axe
rCold  . . .     Clarity  .     b - +0 animal skin
rNeg   . . .     rCorr    .     (no shield)
rPois  .         rRot     .     (helmet restricted)
rElec  .         Spirit   .     (no cloak)
SustAb .         Warding  .     (no gloves)
rMut   .         NoTele   +     (no boots)
Gourm  .                        (no amulet)
MR     .....                    (no ring)
                                (no ring)

@: lethally poisoned, exhausted, short of breath, slowed, very slow, not
resistant to hostile enchantments, very unstealthy
A: retaliatory headbutt, horns 2
a: Burn Spellbooks, Berserk, Trog's Hand, Renounce Religion


You were in the Dungeon.
You worshipped Trog.
Trog was most pleased with you.
You were not hungry.

You visited 1 branch You collected 183 gold pieces.
You spent 60 gold pieces at shops.

Inventory:

Hand weapons
 a - a +0,+0 hand axe (weapon)
Armour
 b - a +0 animal skin (worn)
Magical devices
 j - a wand of confusion (0)
Comestibles
 k - a meat ration
Scrolls
 i - a scroll of blinking
Potions
 d - a potion of curing
 e - a potion of heal wounds
 f - a potion of haste
 g - 2 potions of magic
 h - a potion of berserk rage


   Skills:
 - Level 5.2 Fighting
 + Level 14.7 Axes
 - Level 2.9 Armour
 - Level 2.9 Dodging


You had 5 spell levels left.
You didn't know any spells.

Dungeon Overview and Level Annotations

Branches:
Dungeon (1/1)

Altars:
Elyvilon
Gozag
Kikubaaqudgha
Makhleb
Nemelex Xobeh
Okawaru
Qazlal
Sif Muna
Trog
Vehumet
Xom
Yredelemnul
Zin
The Shining One

Shops:
D %

Annotations:
D Sonja


Innate Abilities, Weirdness & Mutations

You reflexively headbutt those who attack you in melee.
You have a pair of horns on your head.


Message History

You feel as though you will be slow longer.
You see here 2 curare-tipped needles.
You are no longer berserk.
You are exhausted.
You feel as though you will be slow longer.
* * * LOW HITPOINT WARNING * * *
You feel very sick.
There is an open door, spattered with blood here.
* * * LOW HITPOINT WARNING * * *
You feel very sick.
There is a lethal amount of poison in your body!
There is a lethal amount of poison in your body!
There is a lethal amount of poison in your body!
* * * LOW HITPOINT WARNING * * *
You feel very sick.
Sonja shoots a curare-tipped needle.
The curare-tipped needle closely misses you.
Sonja gestures wildly while chanting.
Sonja blinks!
You die...

################
#<)#..)..#..'..#
#..'..#..').#..+
#..#####'#####'#
#..####..#...#:#
#..#__####..##.#
#..#_..._##K#..+
#⌠⌠#_.∩..@'(.._#
####_..._##_.#+#
#_____###§#
####### .# .K
.$# .## +#


You could see Sonja.

Vanquished Creatures
  A yak (D)
  An ogre (D)
  Sigmund (D)
  A jelly (D)
  Ijyb (D)
5 creatures vanquished.

Vanquished Creatures (others)
  A gargoyle (D)
1 creature vanquished.

Grand Total: 6 creatures vanquished

Notes
Turn   | Place    | Note
--------------------------------------------------------------
     0 | D        | MDvedh, the Minotaur Berserker, began the quest for the Orb.
     0 | D        | Reached XP level 1. HP: 19/19 MP: 1/1
     1 | D        | Noticed Ijyb
    25 | D        | Killed Ijyb
    25 | D        | Reached skill level 5 in Fighting
    25 | D        | Reached skill level 5 in Axes
    25 | D        | Reached XP level 2. HP: 13/29 MP: 1/1
   206 | D        | Noticed an ogre
   209 | D        | Killed an ogre
   209 | D        | Acquired Trog's second power
   209 | D        | Reached skill level 10 in Axes
   209 | D        | Reached XP level 3. HP: 36/36 MP: 2/2
   209 | D        | Reached XP level 4. HP: 42/42 MP: 2/2
   255 | D        | Noticed Sigmund
   261 | D        | Killed Sigmund
   261 | D        | Reached skill level 12 in Axes
   261 | D        | Reached XP level 5. HP: 48/48 MP: 2/2
   303 | D        | Found a deep blue altar of Sif Muna.
   304 | D        | Noticed a jelly
   305 | D        | Found a radiant altar of Vehumet.
   309 | D        | Killed a jelly
   449 | D        | Found Quac's Food Emporium.
   449 | D        | Found a white marble altar of Elyvilon.
   449 | D        | Found a stormy altar of Qazlal.
   449 | D        | Found a basalt altar of Yredelemnul.
   449 | D        | Found an iron altar of Okawaru.
   449 | D        | Found a sparkling altar of Nemelex Xobeh.
   449 | D        | Found a shimmering altar of Xom.
   449 | D        | Found an ancient bone altar of Kikubaaqudgha.
   449 | D        | Noticed a yak
   459 | D        | Killed a yak
   459 | D        | Reached skill level 14 in Axes
   459 | D        | Reached XP level 6. HP: 35/56 MP: 3/3
   501 | D        | Killed a gargoyle
   572 | D        | Found a burning altar of Makhleb.
   572 | D        | Found a glowing golden altar of the Shining One.
   572 | D        | Found an opulent altar of Gozag.
   572 | D        | Found a glowing silver altar of Zin.
   573 | D        | Found a bloodstained altar of Trog.
   577 | D        | Bought a meat ration for 60 gold pieces
   587 | D        | Noticed Sonja
   596 | D        | HP: 1/56 [poisoned by Sonja (curare-tipped needle)]
   597 | D        | Succumbed to Sonja's curare-tipped needle

Action                   |  1- 3 |  4- 6 || total
-------------------------+-------+-------++-------
Melee: Hand axe          |    11 |    18 ||    29
Invok: Berserk           |     1 |     2 ||     3
